[Event "Azerbaijan-ch 1st League 2025"]
[Site "Baku"]
[Date "2025.01.06"]
[Round "1.1"]
[White "Alizada, Pasham"]
[Black "Ibrahimli, Murad"]
[Result "0-1"]
[Annotator "TA"]
[ECO "C47"]
[WhiteElo "2117"]
[BlackElo "2415"]
[PlyCount "100"]
[EventDate "2025.01.05"]
[EventType "swiss"]
[EventCountry "AZE"]
[SourceTitle "playchess.com"]
[Source "ChessBase"]
[SourceQuality "1"]
[TimeControl "40/5400+30:1800+30"]

1. e4 e5 2. Nf3 Nc6 3. Nc3 Nf6 4. a3 Be7 5. d4 exd4 6. Nxd4 d6 7. Bb5 Bd7 8. O-O O-O 9. Nxc6 Bxc6 10. Bxc6 bxc6 11. Qd4 Qb8 12. b4 Nd7 13. Rb1 Bf6 14. Qc4 Qb7 15. Be3 Rab8 16. h3 a6 17. a4 Nb6 18. Qd3 Nd7 19. Qc4 Ne5 20. Qe2 Ng6 21. Qd2 Rfe8 22. Bd4 Ne5 23. Rfe1 Nc4 24. Qd3 Bxd4 25. Qxc4 Qb6 26. Kh1 Bf6 {[%emt 0:03:34][%cal Ob6d4] ...Qd4! is in the air} 27. Re3 $1 h6 $36 {[%emt 0:11:20][%mdl 2048] Black has good play.} 28. Rb3 (28. a5 $11 Qb7 29. Rg3) 28... d5 $1 $17 29. exd5 Rxe3 30. fxe3 Qxe3 {[%emt 0:00:05] ( -> ...Qe1+)} 31. Ne4 $2 (31. Ne2 $17 {nothing else works.} Qe5 (31... cxd5 32. Qxc7 Qe8 33. Re3 $15) 32. Qxa6) 31... Qe1+ $19 32. Kh2 {[%emt 0:00:01] Threatens to win with Nxf6+.} Be5+ 33. Ng3 {[%emt 0:01:25] [#]} Rxb4 $3 {[%emt 0:00:14][%mdl 512] White is weak on the dark squares} 34. Qxa6 g6 {[%emt 0:01:17] ( -> ...Rxb3)} ({Weaker is} 34... cxd5 35. Qc8+ Kh7 36. Qf5+ Kh8 37. Qc8+ Kh7 38. Qf5+ Kg8 39. Qc8+ Kh7 $11) 35. Qd3 Rxa4 {[%emt 0:02:35] ( -> ...Ra1)} 36. Qe3 Qxe3 37. Rxe3 {[%emt 0:00:01][%mdl 4096] Endgame KRB-KRN. Black is a pawn up.} Bf4 38. Rd3 cxd5 39. Rxd5 $2 (39. Kg1) 39... Rc4 $2 (39... h5 40. h4 Ra3) 40. h4 (40. Rd3 {was worth a try.}) 40... Rxc2 41. Rd4 (41. Rd3 $142) 41... Bd6 42. Rd3 h5 43. Kg1 Rc4 44. Ne2 Rxh4 {[%emt 0:00:06] and ...Bc5+ would now be decisive} 45. Kf2 Rb4 46. Rd5 Kg7 47. Nc3 Rc4 48. Rd3 Be5 49. Nd5 (49. Nd1 $142) 49... Rd4 50. Rxd4 Bxd4+ 0-1

[Event "Azerbaijan-ch 1st League 2025"]
[Site "Baku"]
[Date "2025.01.06"]
[Round "1.2"]
[White "Atakishiyev, Elmar"]
[Black "Alizada, Agshin"]
[Result "1-0"]
[Annotator "TA"]
[ECO "A48"]
[WhiteElo "2408"]
[BlackElo "2116"]
[PlyCount "80"]
[EventDate "2025.01.05"]
[EventType "swiss"]
[EventCountry "AZE"]
[SourceTitle "playchess.com"]
[Source "ChessBase"]
[SourceQuality "1"]
[TimeControl "40/5400+30:1800+30"]

1. d4 Nf6 2. Nf3 g6 3. Bg5 Ne4 4. Bf4 Bg7 5. e3 c5 6. Nbd2 Nf6 7. c3 cxd4 8. exd4 O-O 9. Be2 Nc6 10. O-O d6 11. h3 Re8 12. Bh2 e5 13. dxe5 dxe5 14. Nc4 Nd5 15. Nfd2 (15. Re1 $16) 15... b5 16. Na3 (16. Ne3 $11) 16... b4 $17 17. cxb4 Ndxb4 18. Bf3 (18. Ne4) 18... Rb8 (18... Ba6 $142 19. Re1 Rc8) 19. Nb3 (19. Bxc6 $142 Nxc6 20. Nac4) 19... Ba6 (19... Qf6 20. Bxc6 Qxc6) 20. Re1 {[%emt 0:05:51] [#]} (20. Bxc6 $17 Nxc6 21. Qxd8 Rexd8 22. Rfe1) 20... Qb6 $1 $19 21. Be2 Rbd8 22. Qb1 Nd3 23. Bxd3 Bxd3 24. Qc1 e4 25. Nc4 Qb4 26. Ne3 Ne5 (26... Rc8 $19 {has better winning chances.} 27. Nd5 Qf8) 27. Qc5 $17 Qb7 (27... Qa4 $17 {Threatening ...Nd7.} 28. Qa5 Qxa5 29. Nxa5 Rb8) 28. Rad1 (28. Rac1 $11 {remains equal.}) 28... Rc8 29. Qa5 Nc6 30. Qa3 Nb4 31. Rc1 Qb6 {[%emt 0:00:35] Wards off Bd6} 32. Bf4 ({White should play} 32. Rxc8 $15 Rxc8 33. Bf4) 32... Bf8 {[%emt 0:00:49] This pair of bishops is nice.} 33. Rxc8 Rxc8 34. Rc1 {[%emt 0:00:13] [#]} Rxc1+ ({Better is} 34... Bc2 $1 $17 {...Nd3 would now be deadly.} 35. Qa5 (35. Nxc2 $2 Nd3 $19) 35... Bxb3 36. Rxc8 Qxa5) 35. Nxc1 $15 Qc6 36. Qc3 {[%emt 0:01:39] Prevents Nd5.} Qxc3 (36... Bb5 $15) 37. bxc3 $14 Na6 38. Nxd3 exd3 39. Kf1 Nc5 40. Nd5 f5 1-0

[Event "Azerbaijan-ch 1st League 2025"]
[Site "Baku"]
[Date "2025.01.06"]
[Round "1.3"]
[White "Allajov, Ramil"]
[Black "Ahmad, Khagan"]
[Result "1-0"]
[Annotator "TA"]
[ECO "E06"]
[WhiteElo "2079"]
[BlackElo "2406"]
[PlyCount "95"]
[EventDate "2025.01.05"]
[EventType "swiss"]
[EventCountry "AZE"]
[SourceTitle "playchess.com"]
[Source "ChessBase"]
[SourceQuality "1"]
[TimeControl "40/5400+30:1800+30"]

1. Nf3 d5 2. c4 e6 3. d4 Nf6 4. g3 Be7 5. Bg2 O-O 6. Qc2 c5 7. cxd5 Nxd5 8. dxc5 Na6 9. O-O Nxc5 10. Bd2 Bd7 11. Nc3 {[%emt 0:02:29] Prevents Na4.} Bc6 12. Rfd1 Rc8 13. Rac1 Qb6 14. Ne5 Nb4 {[%emt 0:02:02] [#]} 15. Nxc6 $1 bxc6 16. Qb1 (16. Na4 $5 Nxa4 17. Qxa4 $11) 16... Nd5 17. e4 Nxc3 18. Rxc3 Rfd8 19. Qc2 Na6 20. Be3 {[%emt 0:06:28] Prevents Bc5.} Rxd1+ 21. Qxd1 Qxb2 (21... Rd8 $142 22. Qc1 c5) 22. Qd7 $1 $16 Rf8 {[%emt 0:00:22] [#]} 23. Qxc6 (23. Rxc6 $2 Nb8 24. Qxe7 Nxc6 $19) (23. Rc4 $1 $18 Qxa2 24. Bf1 (24. Qxc6 Nb4 $11) (24. Rxc6 $2 Nb8 $19)) 23... Nb4 $14 24. Qc4 (24. Qc7 $5) 24... Qxa2 25. Qxa2 Nxa2 26. Rc7 Bf6 27. Bxa7 Nc3 28. Be3 Bd4 29. Bf1 Bf6 30. Rc4 Rd8 31. Kg2 h6 32. h4 Nd1 33. Bb6 Rd2 34. h5 Rb2 35. Ba7 Ra2 36. Rc8+ Kh7 37. Rc7 Rd2 $2 ({Better is} 37... Kg8 $14) 38. Bb5 $18 ({But not} 38. Rxf7 Kg8 39. Rc7 Nxf2) 38... Bd4 39. Bxd4 (39. Rxf7 Kg8 40. Rd7 Rxf2+ 41. Kg1 Bxa7 42. Rxa7 Rf3 $16) 39... Rxd4 {[%emt 0:00:01][%mdl 4096] Endgame KRB-KRN} 40. Be8 (40. Rxf7 Kg8 41. Rd7 Rxd7 42. Bxd7 e5 $18) 40... Rd2 41. Rxf7 Ne3+ 42. Kh3 Nd1 43. f3 Nf2+ 44. Kh4 Nd3 $2 (44... Kg8 {was called for.}) 45. f4 {[%emt 0:00:00] aiming for Re7.} Kg8 46. Rc7 {[%emt 0:00:00] Against Nc5} g5+ (46... Kf8 $142 47. Bg6 Rh2+ 48. Kg4 Nf2+ 49. Kf3 Nd1 50. Rf7+ Ke8) 47. hxg6 Ne1 48. Bb5 (48. Kg4 $142 Re2 49. e5 Kf8 50. Bd7 Rc2 51. Rb7 Rb2 52. Rxb2 Nd3 53. Rb8+ Kg7 54. Bxe6 Kxg6 55. Bf5+ Kf7 56. Rb7+ (56. Bxd3 Ke6 57. Be4 Ke7 58. f5 Kd7 59. f6 Kc7 60. Rb7+ Kc8 61. f7 h5+ 62. Kh3 Kd8 63. f8=Q#) 56... Ke8 57. Bxd3) 1-0

[Event "Azerbaijan-ch 1st League 2025"]
[Site "Baku"]
[Date "2025.01.06"]
[Round "1.4"]
[White "Garayev, Kanan"]
[Black "Idrisov, Tabriz"]
[Result "1-0"]
[Annotator "TA"]
[ECO "E06"]
[WhiteElo "2340"]
[BlackElo "2073"]
[PlyCount "109"]
[EventDate "2025.01.05"]
[EventType "swiss"]
[EventCountry "AZE"]
[SourceTitle "playchess.com"]
[Source "ChessBase"]
[SourceQuality "1"]
[TimeControl "40/5400+30:1800+30"]

1. d4 Nf6 2. c4 e6 3. g3 d5 4. Bg2 Be7 5. Nf3 O-O 6. O-O Nbd7 7. Nc3 c6 8. Nd2 dxc4 9. Nxc4 Nb6 10. b3 Nbd5 11. Bb2 b5 12. Ne5 Bb7 13. Rc1 Qb6 14. Ne4 Rac8 (14... Nxe4 $14 15. Bxe4 Rfd8) 15. Nc5 $16 Rfd8 16. Qc2 Ba8 17. a3 {[%emt 0:03:45] Inhibits Nb4.} a5 18. e4 Nc7 19. f4 Na6 20. Ned3 ({Better is} 20. f5 $18) 20... Nxc5 21. Nxc5 Nd7 22. f5 e5 23. b4 {[%emt 0:06:27] White is much more active.} (23. f6 $1 $16 Nxf6 24. b4) 23... Bf6 $14 24. bxa5 Qa7 25. Rfd1 (25. dxe5 $11 {is more appropriate.} Nxe5 26. Kh1) 25... Nxc5 $2 (25... Bg5 $1 $15 {keeps the upper hand.}) 26. Qxc5 $16 Qxc5 27. dxc5 Bg5 28. Rxd8+ Rxd8 {[%emt 0:00:01] [#]} 29. Rc2 $1 $36 {[%emt 0:00:06][%mdl 2048] Black is under strong pressure.} f6 {[%emt 0:03:26] [#]} 30. a6 {[%emt 0:01:34] Against Bb7} ({White must play} 30. Kf2 $1 $16) 30... Be3+ (30... Rd7 $14) 31. Kf1 Kf8 32. Ke2 {[%emt 0:02:38] Prevents Rd3.} Bh6 $2 (32... Bg1 $16) 33. Bc3 Rd7 34. a4 bxa4 $2 (34... Ke8 {was called for.} 35. Bf1 Ra7) 35. Ra2 $18 Ke7 36. Rxa4 g5 37. Bd2 Ra7 (37... Bf8 $142 38. Bf1 Kd8 39. Ba5+ Kc8) 38. h4 Kd7 39. hxg5 fxg5 40. Bc3 Bg7 41. Bf3 Ke7 42. Ke3 Kf6 43. Be2 {[%emt 0:00:12] And now Rb4 would win.} Bf8 44. Ra5 Rd7 45. g4 Be7 (45... Rd8 $142 46. Bd2 Be7) 46. Kf3 h6 47. Be1 Rd8 48. Bf2 Rb8 49. Bc4 Rb2 50. Be6 Bf8 51. Ra1 h5 52. gxh5 g4+ 53. Kg3 ({Not} 53. Kxg4 Rxf2 54. Rb1 Rf4+ 55. Kg3 Kg5 $18 (55... Bxc5 56. Rb8 $16)) 53... Bh6 54. Ra2 Rb4 55. Re2 1-0

[Event "Azerbaijan-ch 1st League 2025"]
[Site "Baku"]
[Date "2025.01.06"]
[Round "1.5"]
[White "Gulumov, Muthat"]
[Black "Rustamov, Rustam"]
[Result "1/2-1/2"]
[Annotator "TA"]
[ECO "B51"]
[WhiteElo "2054"]
[BlackElo "2305"]
[PlyCount "126"]
[EventDate "2025.01.05"]
[EventType "swiss"]
[EventCountry "AZE"]
[SourceTitle "playchess.com"]
[Source "ChessBase"]
[SourceQuality "1"]
[TimeControl "40/5400+30:1800+30"]

1. e4 c5 2. Nf3 d6 3. Bb5+ Nd7 4. c4 a6 5. Ba4 e5 6. Nc3 {[%emt 0:00:23] B51: Sicilian: Moscow Variation (3 Bb5+) without 3...Bd7.} g6 7. d3 Bg7 8. O-O Ne7 9. a3 O-O 10. b4 a5 $146 ({Predecessor:} 10... b6 11. Nd5 Nxd5 12. cxd5 Nf6 13. bxc5 bxc5 14. Bc6 Rb8 15. Bd2 Bg4 16. h3 Bxf3 17. Qxf3 {½-½ Zhou,L (1986)-Guder,S (1814) Berlin Werner Ott op 2022 (9)}) 11. Bxd7 Bxd7 12. bxc5 dxc5 13. Be3 b6 14. Qd2 Bg4 15. Ne1 Be6 16. Rb1 Rb8 17. Bh6 Nc6 18. Bxg7 Kxg7 19. Nd5 Nd4 20. Nc2 Bxd5 21. cxd5 (21. exd5 $14 {was preferrable.} Nf5 22. Rfe1) 21... f5 22. Nxd4 exd4 23. f3 a4 (23... b5 $11) 24. Qc2 $16 Qd7 25. Qc4 Rfc8 26. Rb5 Qe7 27. Qxa4 fxe4 28. fxe4 c4 (28... Rf8 $16 29. Rbb1 h5) 29. dxc4 (29. d6 $18 {and White stays clearly on top.} Qd7 (29... Qxd6 $2 {perishes.} 30. Rd5 $18) 30. Qb4 (30. dxc4 Rf8 $18)) 29... Qxe4 {[%emt 0:02:10] [#]} 30. Rbb1 $1 Rb7 {[%emt 0:06:01] [#]} (30... Qe3+ $16 31. Kh1 Rf8) 31. Rxb6 $2 (31. Rbe1 $3 $18 Qh4 (31... Qg4 32. Qb3) 32. Qb3) 31... Rxb6 32. Qd7+ Kh6 33. Qxc8 Qe3+ 34. Kh1 Rf6 35. Rb1 (35. Rxf6 $2 {is a self mate.} Qe1+) 35... Rf5 $1 36. Qe6 Qd3 37. Qe1 Qxc4 38. d6 Qd5 $1 39. Qh4+ Kg7 40. Qg3 Rg5 41. Qf2 Rf5 42. Qg3 Rg5 43. Qf2 Rf5 44. Qg3 Rf6 45. Qd3 Rf2 46. Qg3 Rf6 47. Qd3 Rxd6 48. h3 Rd7 49. Rd1 Qf5 50. Qxf5 gxf5 51. a4 Kf6 52. a5 Ke5 53. a6 Ra7 54. Ra1 d3 55. Kg1 d2 56. Rd1 Rxa6 57. Rxd2 h5 58. Kf2 $1 h4 59. Rb2 Ra4 60. Rb3 Ra1 61. Rb4 Ra2+ 62. Kg1 f4 63. Rb5+ Ke4 1/2-1/2

[Event "Azerbaijan-ch 1st League 2025"]
[Site "Baku"]
[Date "2025.01.06"]
[Round "1.6"]
[White "Orujov, Farid"]
[Black "Isfandiyarli, Kamal"]
[Result "1/2-1/2"]
[Annotator "TA"]
[ECO "B45"]
[WhiteElo "2301"]
[BlackElo "2027"]
[PlyCount "65"]
[EventDate "2025.01.05"]
[EventType "swiss"]
[EventCountry "AZE"]
[SourceTitle "playchess.com"]
[Source "ChessBase"]
[SourceQuality "1"]
[TimeControl "40/5400+30:1800+30"]

1. e4 c5 2. Nf3 e6 3. d4 cxd4 4. Nxd4 Nf6 5. Nc3 Nc6 6. Ndb5 Bb4 7. a3 Bxc3+ 8. Nxc3 d5 9. exd5 exd5 10. Bd3 O-O 11. O-O {[%emt 0:00:08] Active counter play!} Bg4 12. f3 Qb6+ 13. Kh1 Bh5 14. Bg5 {[%emt 0:01:10] Hoping for Bxf6.} Ne4 15. Nxe4 (15. Nxd5 Nf2+ 16. Rxf2 Qxf2 $11) 15... dxe4 16. Bxe4 Qxb2 17. Qb1 Qb6 18. Bd5 Bg6 19. Qxb6 axb6 20. c4 Ra4 21. Rfc1 Na5 22. Rc3 {[%emt 0:02:23] Repels Nb3} Rc8 23. Rac1 Bf5 24. Re1 h6 25. Re7 Bg6 $1 $11 (25... hxg5 26. Rxf7 $16 (26. Bxb7 $2 Rcxc4 27. Rxc4 Rxc4 $19)) 26. Bh4 (26. Bxb7 $2 {is the wrong capture.} Nxb7 (26... Rcxc4 27. Bd2 $17) 27. Rxb7 hxg5 $19) 26... Nxc4 27. Bxb7 {[%emt 0:06:32] A strong pair of Bishops.} ({Of course not} 27. Rxb7 Rxa3 28. Rxa3 Nxa3 $17) 27... Rd8 28. Re1 Rd3 29. Rxd3 Bxd3 30. Be7 {[%emt 0:01:23] Against Nd6} Nxa3 {[%emt 0:04:33] ...Nc2 would now be deadly.} 31. Bc6 Nc2 32. Bxa4 Nxe1 33. Bb4 1/2-1/2

[Event "Azerbaijan-ch 1st League 2025"]
[Site "Baku"]
[Date "2025.01.06"]
[Round "1.7"]
[White "Garakhanov, Shamsi"]
[Black "Suleymanli, Suleyman"]
[Result "0-1"]
[Annotator "TA"]
[ECO "D27"]
[WhiteElo "2022"]
[BlackElo "2280"]
[PlyCount "72"]
[EventDate "2025.01.05"]
[EventType "swiss"]
[EventCountry "AZE"]
[SourceTitle "playchess.com"]
[Source "ChessBase"]
[SourceQuality "1"]
[TimeControl "40/5400+30:1800+30"]

1. d4 d5 2. c4 dxc4 3. e3 Nf6 4. Bxc4 e6 5. Nf3 c5 6. O-O a6 7. e4 b5 8. Bd3 Bb7 9. d5 exd5 10. e5 Ne4 11. Bxe4 dxe4 12. Qxd8+ Kxd8 13. Ng5 Ke8 (13... Ke7 {feels hotter.} 14. Nc3 Nd7 15. Ncxe4 h6) 14. Re1 Nc6 15. Nd2 (15. Nc3 $1 $11 {remains equal.}) 15... Nb4 $17 ({Don't do} 15... Nxe5 16. Ndxe4 h6 17. Nxc5 Bxc5 18. Rxe5+ Be7 19. Re2 $11) 16. Re2 {[%emt 0:05:55] [#]} e3 $1 {[%emt 0:01:57][%mdl 512] and ...Nc2 would now be decisive} 17. Nf1 {[%emt 0:04:03] White is weak on the light squares} h6 {[%emt 0:01:41] Black is more active.} 18. Nh3 exf2+ 19. Nxf2 Rd8 $36 {[%emt 0:08:56][%mdl 2048] Black has strong initiative.} 20. a3 Nc6 21. Be3 {[%emt 0:03:55] Prevents Nd4.} Nd4 22. Bxd4 Rxd4 23. Ng3 Bc8 24. Nfe4 Be6 25. Rae1 (25. a4 $142) 25... Kd7 $19 26. Rf2 g6 {[%emt 0:04:32] Inhibits Nf5.} 27. Nf6+ Kc6 28. Ne2 Rd8 29. Nf4 c4 30. Nxe6 fxe6 31. Rf3 Bc5+ 32. Kf1 Rhf8 33. b3 (33. Ke2 {was necessary.}) 33... Bxa3 34. bxc4 b4 35. Rb1 Rd4 36. Ke2 Rfd8 0-1

[Event "Azerbaijan-ch 1st League 2025"]
[Site "Baku"]
[Date "2025.01.06"]
[Round "1.8"]
[White "Israilov, Agil"]
[Black "Huseynov, Ahmed"]
[Result "1-0"]
[Annotator "TA"]
[ECO "C00"]
[WhiteElo "2280"]
[BlackElo "1996"]
[PlyCount "77"]
[EventDate "2025.01.05"]
[EventType "swiss"]
[EventCountry "AZE"]
[SourceTitle "playchess.com"]
[Source "ChessBase"]
[SourceQuality "1"]
[TimeControl "40/5400+30:1800+30"]

1. e4 e6 2. d3 d5 3. Nd2 Nf6 4. Ngf3 c5 5. g3 Nc6 6. Bg2 Be7 7. O-O O-O 8. Re1 Qc7 9. Qe2 b6 10. e5 Nd7 11. Nf1 Bb7 12. h4 Rac8 13. Bf4 b5 14. N1h2 Rfd8 15. h5 (15. Ng4 $5) 15... Bf8 {[%emt 0:16:44] [#]} (15... h6 $11) 16. h6 $1 $14 g6 17. Ng4 Be7 18. Qd2 Rf8 19. Bg5 Qd8 20. c3 a5 21. Qf4 Bxg5 22. Nxg5 Qe7 23. Bh3 Nd8 24. Rad1 Rc6 25. c4 {[%emt 0:02:51] White is much more active. The black rooks are passive.} bxc4 26. dxc4 Rb6 ({Black should play} 26... d4 27. b3 Ra6) 27. cxd5 ({White should play} 27. Ne4 $1 $16 Rxb2 (27... dxe4 $2 28. Rxd7 Nc6 29. Nf6+ Kh8 30. Rxe7 $18) 28. Qc1 Rxa2 29. cxd5 exd5 30. Nc3) 27... exd5 28. Qd2 Ne6 29. Nxe6 fxe6 30. Qxa5 Ra8 $1 31. Qd2 Rxa2 32. Qf4 $36 {[%emt 0:00:32][%mdl 2048] Nf6+ is the strong threat. White is pushing.} Nf8 33. Ra1 Raxb2 34. Ra7 R2b4 35. Qd2 c4 (35... Kh8 $15) 36. Qd4 Qc7 $2 (36... Rb1 $11 37. Nf6+ Kh8) 37. Nf6+ $18 Kh8 {[%emt 0:00:05] [#] aiming for ...c3.} 38. Nxd5 $2 ({Don't take} 38. Rc1 $6 g5 $14) ({White must play} 38. Ne8 $1 $18 Qd8 (38... Qb8 39. Qh4 $18) (38... Qd7 39. Nd6) 39. Nd6) 38... exd5 $4 (38... Qd8 $11 39. Bg2 Bxd5 (39... exd5 40. e6+) 40. Bxd5 Rb7 (40... Qxd5 $2 {perishes.} 41. Qf4 $18)) 39. e6+ 1-0

[Event "Azerbaijan-ch 1st League 2025"]
[Site "Baku"]
[Date "2025.01.06"]
[Round "1.9"]
[White "Halafov, Ilgar"]
[Black "Aslanov, Umid"]
[Result "0-1"]
[Annotator "TA"]
[ECO "D02"]
[WhiteElo "1990"]
[BlackElo "2250"]
[PlyCount "112"]
[EventDate "2025.01.05"]
[EventType "swiss"]
[EventCountry "AZE"]
[SourceTitle "playchess.com"]
[Source "ChessBase"]
[SourceQuality "1"]
[TimeControl "40/5400+30:1800+30"]

1. d4 d5 2. Bf4 Nf6 3. e3 c5 4. Nf3 Nc6 5. Nbd2 Bg4 6. h3 Bh5 7. Be2 cxd4 8. exd4 e6 9. O-O Bd6 10. Bxd6 Qxd6 11. c3 O-O 12. Ne5 Nxe5 13. Bxh5 Nc6 14. Bf3 b5 15. Nb3 Nd7 16. Qd3 Rab8 17. Rfd1 Rfc8 18. Rac1 a5 19. Nd2 a4 20. h4 Nf6 21. g3 Qe7 22. Bg2 Ne8 23. Re1 Qd8 24. Nf3 Rc7 25. g4 (25. a3 $11) 25... Qd6 26. g5 g6 27. Ne5 {[%emt 0:01:28] [#]} (27. Qd2 $15) 27... Nxe5 $1 $17 28. Rxe5 Qd7 29. Bh3 {[%emt 0:04:41] [#]} a3 $1 30. b3 (30. b4 Rbc8) 30... Rbc8 31. Bf1 (31. Re2 $15) 31... Nd6 {[%emt 0:00:25] ...b4 is the strong threat.} 32. Qd2 (32. Re2 $17) 32... Ne4 $19 33. Rxe4 dxe4 34. c4 (34. Qe3 $142) 34... bxc4 35. bxc4 e5 36. d5 Qg4+ 37. Kh2 Qxh4+ (37... e3 38. Qxe3 Qxh4+ 39. Kg1 $19) 38. Kg1 Rc5 39. Rc3 {[%emt 0:01:30] [#]} h6 $1 40. gxh6 f5 41. Rh3 Qf6 42. h7+ Kh8 43. Rxa3 (43. Qe1 {is a better defense.}) 43... f4 (43... Kxh7 $2 44. Rh3+ Kg8 45. Qh6 $17) 44. Ra7 $2 (44. Rh3 R5c7 45. Qc2) 44... Qg5+ 45. Kh2 Qh4+ 46. Kg1 Qg4+ 47. Kh2 e3 48. fxe3 Qg3+ 49. Kh1 R5c7 (49... Qxe3 50. Qxe3 fxe3 51. Re7 $11) 50. Qa5 Qf3+ 51. Bg2 Qh5+ ({Stronger than} 51... Qxe3 52. Rxc7 Rxc7 53. Qxc7 $11) 52. Kg1 Rxc4 (52... Rxh7 53. Ra8 Qd1+ 54. Bf1 $19) 53. Ra8 Rc1+ (53... Qxh7 54. Bf1 Rc2 55. Rxc8+ Rxc8 56. Qa6 $19) 54. Kf2 Qh4+ (54... Qxh7 55. Qd8+ (55. Rxc8+ Rxc8 56. Qd2 Qh4+ 57. Kf1 f3 $19) 55... Rxd8 56. Rxd8+ $19) 55. Ke2 Qg4+ (55... Qxh7 56. Qd8+ Rxd8 57. Rxd8+ $19) 56. Bf3 R1c2+ 0-1

[Event "Azerbaijan-ch 1st League 2025"]
[Site "Baku"]
[Date "2025.01.06"]
[Round "1.10"]
[White "Ughuzov, Ravan"]
[Black "Baghirov, Orkhan"]
[Result "1-0"]
[Annotator "TA"]
[ECO "C02"]
[WhiteElo "2250"]
[BlackElo "1989"]
[PlyCount "61"]
[EventDate "2025.01.05"]
[EventType "swiss"]
[EventCountry "AZE"]
[SourceTitle "playchess.com"]
[Source "ChessBase"]
[SourceQuality "1"]
[TimeControl "40/5400+30:1800+30"]

1. e4 e6 2. d4 d5 3. e5 c5 4. c3 Nc6 5. Nf3 Bd7 6. Bd3 cxd4 7. cxd4 Qb6 8. O-O Nxd4 9. Nbd2 Bc5 10. b4 Nxf3+ (10... Bxb4 11. Rb1 Nxf3+ 12. Nxf3 $14) 11. Nxf3 Qxb4 (11... Bxb4 12. Rb1 Qa5 13. Qb3) 12. Rb1 Qa5 (12... Qa4 $1 $11) 13. Rxb7 $14 Ne7 $1 14. Ng5 {[%emt 0:11:57][%mdl 1024] White has strong compensation. White has more active pieces. The black rooks are passive.} Bc6 $1 15. Bd2 (15. Qh5 $1 $14 g6 16. Qf3 Bxb7 17. Qxf7+ Kd7 18. Be3) 15... Qd8 $2 {[%emt 0:10:40][%mdl 8192] [#]} (15... Qxa2 $11 {and Black has nothing to worry.} 16. Rb1 h6) 16. Qf3 $1 Rf8 17. Rb3 h6 18. Rc1 Bb6 (18... Rb8 $142) 19. Nh7 $18 {[%emt 0:08:27][%cal Od2h6] Threatens to win with Bxh6!.} Rg8 {[%emt 0:03:13] [#]} 20. Nf6+ $2 gxf6 $14 21. exf6 Ng6 $2 (21... Nf5 $1 $14 22. Bxf5 (22. Rxc6 Nd4 $11) 22... Qxf6 23. Rxc6 Qxf5) 22. Rxc6 $18 Ne5 {[%emt 0:00:05] [#]} 23. Rxe6+ $3 fxe6 24. Qh5+ Nf7 $2 (24... Ng6) 25. Bb5+ Kf8 26. Bb4+ {[%emt 0:06:13] A strong pair of Bishops.} Nd6 27. Rf3 Bd4 28. Qxh6+ Kf7 29. Qh7+ Kf8 {[%emt 0:00:02] [#]} 30. Be8 $1 Kxe8 (30... Rxg2+ 31. Kxg2) 31. f7+ 1-0

[Event "Azerbaijan-ch 1st League 2025"]
[Site "Baku"]
[Date "2025.01.06"]
[Round "1.11"]
[White "Salimov, Shovkat"]
[Black "Gurbanov, Ismayil"]
[Result "0-1"]
[Annotator "TA"]
[ECO "D27"]
[WhiteElo "1977"]
[BlackElo "2248"]
[PlyCount "96"]
[EventDate "2025.01.05"]
[EventType "swiss"]
[EventCountry "AZE"]
[SourceTitle "playchess.com"]
[Source "ChessBase"]
[SourceQuality "1"]
[TimeControl "40/5400+30:1800+30"]

1. d4 Nf6 2. Nf3 e6 3. c4 d5 4. Nc3 dxc4 5. e3 a6 6. a4 c5 7. Bxc4 Nc6 8. O-O Be7 9. dxc5 Bxc5 10. Qe2 Qc7 11. h3 O-O 12. Bd2 (12. e4 {looks sharper.} Nd4 13. Nxd4 Bxd4 14. Bd3) 12... b6 13. Rac1 {[%emt 0:01:01] The position is equal.} Bb7 14. Ba2 Rfd8 15. Bb1 a5 16. Nb5 Qe7 17. Bc3 Nd5 18. Qc2 g6 19. Bd2 Ndb4 20. Qb3 Na7 {[%emt 0:02:23] Hoping for ...Bxf3.} 21. e4 Ba6 22. e5 ({White should try} 22. Nxa7 $1 $15 Rxd2 (22... Qxa7 $2 23. Bg5 $19) (22... Bxf1 23. Bxb4 axb4 24. Nc6 $11) 23. Nxd2 Bxf1 (23... Qxa7 24. Rfd1 $16) 24. Rxf1 Qxa7 (24... Rxa7 25. Nf3 $17) 25. g3) 22... Nxb5 $17 23. axb5 Bxb5 24. Bg5 {[%emt 0:01:13] [#]} Qb7 {[%emt 0:00:57] White must now prevent ...a4.} 25. Bxd8 Bxf1 26. Qd1 {[%emt 0:02:13] [#]} Bd3 27. Bf6 Qe4 (27... Bxb1 $19 28. Rxb1 Qd5 29. Qxd5 Nxd5) 28. Bxd3 {[%emt 0:00:01] This costs White the game.} (28. Rxc5 $1 $11 bxc5 29. Qd2) 28... Nxd3 29. Rc2 Nb4 $36 {[%emt 0:17:17][%mdl 2048] Black has strong initiative. Black is much more active.} 30. Re2 Qc6 31. Ng5 Nd5 32. Ne4 Rc8 33. Kh2 (33. Bg5 $17 {might work better.}) 33... Nf4 $19 34. Re1 Bxf2 $1 35. Qf3 $2 (35. Rf1 Qxe4 36. Rxf2) 35... Bxe1 36. Qxf4 Qc1 37. Qf3 Bd2 {[%emt 0:00:19] Strongly threatening ...Bf4+.} 38. Bh4 Bf4+ 39. Bg3 Bxg3+ 40. Kxg3 {[%emt 0:00:00][%mdl 4096] Endgame. KQR-KQN} Qe1+ 41. Kh2 Rc4 42. Nf6+ Kg7 43. Ng4 Qd2 {[%emt 0:01:43] ...Qf4+ is the strong threat.} 44. Ne3 Rb4 45. Qf6+ Kg8 46. Qf3 Rb3 47. Qa8+ Kg7 48. Ng4 Qf4+ {[%emt 0:00:00] Weighted Error Value: White=0.52/Black=0.09 (flawless) .  Mistake:       	White=4     	Black=1      Inaccurate:     	White=1     	Black=1      OK:         	White=11    	Black=11     Best:        	White=1     	Black=4      Strong:       	---       	Black=1} 0-1